 Dungeon Crawl Stone Soup version 0.29.0-4-gdea44cf6ec (webtiles) character file.

Game seed: 7413462026651347375

641 qw the Cleaver (level 7, -1/41 HPs)
             Began as a Tengu Warper on Aug 28, 2022.
             Was an Initiate of Okawaru.
             Succumbed to a water moccasin's poison
             ... on level 4 of the Dungeon.
             The game lasted 00:00:30 (5854 turns).

qw the Cleaver (Tengu Warper)                       Turns: 5854, Time: 00:00:30

Health: -1/41      AC:  6    Str: 20    XL:     7   Next: 51%
Magic:  11/11      EV: 12    Int: 13    God:    Okawaru [......]
Gold:   176        SH:  0    Dex: 13    Spells: 10/10 levels left

rFire   . . .      SeeInvis .   Y - +1 hand axe
rCold   . . .      Faith    .   (no shield)
rNeg    . . .      Spirit   .   i - +0 scale mail
rPois   .          Reflect  .   (helmet restricted)
rElec   .          Harm     .   (no cloak)
rCorr   .          Rampage  .   (no gloves)
Will    .....                   (boots unavailable)
Stlth   ..........              (no amulet)
HPRegen 0.13/turn               c - +6 ring of strength
MPRegen 0.12/turn               (no ring)

@: lethally poisoned (-1 -> -34), flying quickly and evasively, quick
A: beak, talons 3, nimble flight
a: Renounce Religion


You were on level 4 of the Dungeon.
You worshipped Okawaru.
Okawaru was noncommittal.
You visited 2 branches of the dungeon, and saw 5 of its levels.
You also visited: Sewer.

You collected 176 gold pieces.


Innate Abilities, Weirdness & Mutations

You have a beak for a mouth.
You have claws for feet.
Your magical nature lets you fly swiftly and evasively.


   Skills:
 - Level 3.2 Fighting
 + Level 8.1 Axes
 - Level 1.0 Throwing
 - Level 1.1 Armour
 - Level 3.1 Dodging
 - Level 2.0 Spellcasting
 - Level 2.4 Translocations


You had 10 spell levels left.
You didn't know any spells.
Your spell library contained the following spells:

 Spells                   Type           Power      Damage    Failure   Level
 Blink                    Tloc           14%        N/A       41%         2
 Gell's Gravitas          Tloc           7%         N/A       65%         3
 Lesser Beckoning         Tloc           7%         N/A       65%         3
 Teleport Other           Tloc           7%         N/A       65%         3
 Manifold Assault         Tloc           7%         N/A       100%        5

Inventory:

Hand Weapons
 f - a +0 mace
 Y - a +1 hand axe (weapon)
Armour
 i - a +0 scale mail (worn)
Jewellery
 c - a +6 ring of strength (left hand)
Scrolls
 h - a scroll of identify
Potions
 a - a potion of curing {unknown}
 b - a potion of resistance {unknown}
 e - a potion of might {unknown}
 g - a potion of invisibility {unknown}

Dungeon Overview and Level Annotations

Branches:
Dungeon (4/15)             Temple (1/1) D:4           Sewer (visited)

Altars:
Ashenzari
Cheibriados
Dithmenos
Gozag
Hepliaklqana
Kikubaaqudgha
Nemelex Xobeh
Okawaru
Qazlal
Ru
Trog
Xom
Zin
The Shining One

Annotations:
D:3 1 runed translucent door, Crazy Yiuf


Message History

Found a book of Rime.
There is an open door here.
You reach down and open the door.
There is an open door here.
A water moccasin comes into view.
The water moccasin hisses angrily.
Enter note:
Enter note: You miss the water moccasin.
Your kick misses the water moccasin. Your punch misses the water moccasin.
The water moccasin bites you but does no damage.
You completely miss the water moccasin.
The water moccasin bites you but does no damage.
You hit the water moccasin.
You claw the water moccasin, but do no damage.
You peck the water moccasin.
The water moccasin is moderately wounded.
The water moccasin bites you!
You are poisoned.
The water moccasin poisons you!
You hit the water moccasin. Your kick misses the water moccasin.
The water moccasin is heavily wounded.
You feel very sick. The water moccasin bites you.
You are lethally poisoned!
The water moccasin poisons you! The water moccasin closely misses you.
You miss the water moccasin. You claw the water moccasin!
Your punch misses the water moccasin.
The water moccasin is almost dead.
You feel very sick. The water moccasin bites you.
You are more poisoned.
The water moccasin poisons you!
You barely miss the water moccasin. You peck the water moccasin.
The water moccasin is almost dead.
You feel extremely sick. The water moccasin bites you.
You barely miss the water moccasin.
The water moccasin is almost dead.
You die...

##################
......S@.........#
.###############.#
#.# #.# # #.# +
#.# # #.#######
#........ # .. #.#
########.


You could see a water moccasin.

Vanquished Creatures
  Sigmund (D:2)
  2 kobold brigands (Sewer)
  A hound (D:4)
  A jelly (D:4)
  Jessica (D:2)
  13 adders
  A river rat (Sewer)
  7 worms
  3 dart slugs
  3 bats (D:1)
  13 endoplasms
  6 giant cockroaches
  13 goblins
  4 hobgoblins
  3 jackals (D:4)
  10 kobolds
  2 quokkas
  13 ball pythons
  3 frilled lizards
  10 rats
110 creatures vanquished.

Notes
Turn   | Place    | Note
-------+----------+-------------------------------------------
     0 | D:1      | qw the Tengu Warper began the quest for the Orb.
     0 | D:1      | Reached XP level 1. HP: 12/12 MP: 4/4
     0 | D:1      | 0 ||| qw: Version: 0.1-a-89-g26bdef1
     0 | D:1      | 0 ||| qw: Game counter: 1901
     0 | D:1      | 0 ||| qw: Always use a shield: true
     0 | D:1      | 0 ||| qw: God list: Okawaru
     0 | D:1      | 0 ||| qw: Allow faded altars: false
     0 | D:1      | 0 ||| qw: Do Orc after D:15 true
     0 | D:1      | 0 ||| qw: Do second Lair branch before Depths: true
     0 | D:1      | 0 ||| qw: Lair rune preference: random
     0 | D:1      | 0 ||| qw: Plans: Normal
     0 | D:1      | 0 ||| PLANNING D:1-11
   100 | D:1      | Reached XP level 2. HP: 17/17 MP: 6/6
   109 | D:1      | Reached skill level 3 in Axes
   195 | D:1      | 195 ||| Stepping ~*~*~tactically~*~*~ (stealth).
   196 | D:1      | 196 ||| Stepping ~*~*~tactically~*~*~ (stealth).
   203 | D:1      | 203 ||| Stepping ~*~*~tactically~*~*~ (stealth).
   204 | D:1      | 204 ||| Stepping ~*~*~tactically~*~*~ (stealth).
   205 | D:1      | 205 ||| Stepping ~*~*~tactically~*~*~ (stealth).
   254 | D:1      | 254 ||| Stepping ~*~*~tactically~*~*~ (stealth).
   256 | D:1      | 256 ||| Stepping ~*~*~tactically~*~*~ (stealth).
   257 | D:1      | 257 ||| Stepping ~*~*~tactically~*~*~ (stealth).
   357 | D:1      | 357 ||| Stepping ~*~*~tactically~*~*~ (stealth).
   358 | D:1      | 358 ||| Stepping ~*~*~tactically~*~*~ (stealth).
   362 | D:1      | 362 ||| Stepping ~*~*~tactically~*~*~ (stealth).
   383 | D:1      | 383 ||| Stepping ~*~*~tactically~*~*~ (stealth).
   384 | D:1      | 384 ||| Stepping ~*~*~tactically~*~*~ (stealth).
   443 | D:1      | 443 ||| Stepping ~*~*~tactically~*~*~ (stealth).
   445 | D:1      | 445 ||| Stepping ~*~*~tactically~*~*~ (stealth).
   446 | D:1      | 446 ||| Stepping ~*~*~tactically~*~*~ (stealth).
   818 | D:1      | Found a faded altar of an unknown god.
   827 | D:1      | Reached XP level 3. HP: 20/21 MP: 7/7
  1012 | D:1      | 1012 ||| Stepping ~*~*~tactically~*~*~ (stealth).
  1020 | D:1      | Reached skill level 4 in Axes
  1041 | D:1      | 1041 ||| UPGRADING to +0 ring mail.
  1051 | D:1      | 1051 ||| DROPPING +0 leather armour.
  1052 | D:1      | 1052 ||| READING scroll labelled TEXOIRARAQ.
  1053 | D:1      | 1053 ||| READING scroll labelled FYKARI LUTY.
  1054 | D:1      | 1054 ||| DROPPING scroll of blinking.
  1086 | D:2      | 1086 ||| STAIRDANCE
  1202 | D:2      | Noticed Jessica
  1211 | D:2      | Killed Jessica
  1212 | D:2      | Reached XP level 4. HP: 23/26 MP: 8/8
  1305 | D:2      | Reached skill level 5 in Axes
  1317 | D:2      | HP: 6/26 [poisoned by an adder]
  1988 | D:2      | 1988 ||| Stepping ~*~*~tactically~*~*~ (stealth).
  1999 | D:2      | Gained mutation: Your magical nature lets you fly swiftly
                  | and evasively. [Tengu growth]
  1999 | D:2      | Reached XP level 5. HP: 24/30 MP: 9/9
  2346 | D:2      | Noticed Sigmund
  2347 | D:2      | 2347 ||| Stepping ~*~*~tactically~*~*~ (hiding).
  2361 | D:2      | Killed Sigmund
  2362 | D:2      | Reached skill level 7 in Axes
  2362 | D:2      | Reached XP level 6. HP: 20/35 MP: 10/10
  2500 | D:2      | 2500 ||| UPGRADING to +6 ring of strength.
  2501 | D:2      | 2501 ||| READING scroll labelled HOGGAIDGHOZ.
  2602 | D:2      | 2602 ||| READING scroll labelled VAOG WOUGGER.
  2696 | D:3      | HP: 8/35 [poisoned by a goblin]
  3238 | D:3      | Found a runed translucent door.
  3239 | D:3      | Noticed Crazy Yiuf
  3529 | D:3      | 3529 ||| READING scroll labelled WAEF QATZIECHAON.
  3584 | D:3      | 3584 ||| DRINKING 3 glowing orange potions.
  3585 | D:3      | 3585 ||| DROPPING 2 potions of flight.
  3611 | D:4      | 3611 ||| PLANNING SEWER
  3737 | D:4      | 3737 ||| Stepping ~*~*~tactically~*~*~ (stealth).
  3811 | D:4      | 3811 ||| Stepping ~*~*~tactically~*~*~ (stealth).
  3817 | D:4      | Reached skill level 3 in Fighting
  3826 | D:4      | 3826 ||| READING scroll of teleportation.
  3829 | D:4      | Found a glowing drain.
  3838 | D:4      | HP: 9/37 [ball python (1)]
  3840 | D:4      | HP: 4/37 [kobold/+0 dagger (2)]
  3984 | D:4      | 3984 ||| Stepping ~*~*~tactically~*~*~ (stealth).
  3985 | D:4      | 3985 ||| Stepping ~*~*~tactically~*~*~ (stealth).
  3999 | D:4      | 3999 ||| Stepping ~*~*~tactically~*~*~ (stealth).
  4000 | D:4      | 4000 ||| Stepping ~*~*~tactically~*~*~ (stealth).
  4059 | D:4      | 4059 ||| Stepping ~*~*~tactically~*~*~ (stealth).
  4076 | D:4      | 4076 ||| Stepping ~*~*~tactically~*~*~ (stealth).
  4077 | D:4      | 4077 ||| Stepping ~*~*~tactically~*~*~ (stealth).
  4109 | D:4      | 4109 ||| READING scroll labelled QEATWU QOMEPUZ.
  4119 | Sewer    | Entered a sewer
  4186 | Sewer    | Reached XP level 7. HP: 27/41 MP: 11/11
  4569 | Sewer    | Reached skill level 8 in Axes
  4625 | Sewer    | Reached skill level 3 in Dodging
  5065 | Sewer    | 5065 ||| READING scroll labelled VUTARUIDOQ.
  5087 | D:4      | 5087 ||| PLANNING D:1-11
  5207 | D:4      | 5207 ||| Stepping ~*~*~tactically~*~*~ (hiding).
  5381 | D:4      | Found a staircase to the Ecumenical Temple.
  5382 | D:4      | 5382 ||| PLANNING TEMPLE
  5382 | D:4      | 5382 ||| UPGRADING to +0 scale mail.
  5392 | D:4      | 5392 ||| DROPPING +0 ring mail.
  5393 | D:4      | 5393 ||| READING scroll labelled KOIHON QOPRUKE.
  5400 | Temple   | Entered the Ecumenical Temple
  5627 | Temple   | Became a worshipper of Warmaster Okawaru
  5651 | Temple   | 5651 ||| PLANNING D:1-11
  5853 | D:4      | HP: 10/41 [poisoned by a water moccasin]
  5854 | D:4      | Succumbed to a water moccasin's poison

Levels and vault maps discovered:
D:1:      psy_arrival_conway, layout_basic,
          shapermc_ecumenical_altar_starsandcircs
D:2:      kennysheep_six_static_rooms, layout_basic, serial_forest,
          infiniplex_forest_straight_3, infiniplex_forest_lined_1,
          infiniplex_forest_corner_1, infiniplex_forest_straight_1,
          infiniplex_forest_lined_2, infiniplex_forest_lined_3_way,
          minmay_tromino_v2, uniq_jessica, uniq_sigmund
D:3:      layout_basic, feat_on_display, uniq_crazy_yiuf_cottage
D:4:      layout_basic, minmay_temple_entry_butterflies,
          cheibrodos_sewer_entry_sluice
Temple:   minmay_temple_curvy_branch

Skill      XL: |  1  2  3  4  5  6  7 |
---------------+----------------------+-----
Axes           | 3 4 5 7 8 |  8.1
Fighting       | 3 |  3.2
Dodging        | 3 |  3.1
Throwing       | |  1.0
Armour         | |  1.1
Spellcasting   | |  2.0
Translocations | |  2.4

Action                   |  1- 3 |  4- 6 |  7- 9 || total
-------------------------+-------+-------+-------++-------
Melee: Hand axe          |    65 |   154 |    74 ||   293
       Kick              |    18 |    36 |    22 ||    76
       Peck              |    15 |    25 |    13 ||    53
       Punch             |     1 |     3 |       ||     4
Throw: Boomerang         |     7 |       |       ||     7
  Use: Scroll            |     2 |     5 |     2 ||     9
       Potion            |       |     1 |       ||     1
Armor: Leather armour    |     8 |       |       ||     8
       Ring mail         |     7 |    35 |     5 ||    47
       Scale mail        |       |       |     2 ||     2
Dodge: Dodged            |    30 |    75 |    12 ||   117

Table legend:
 A = Non-vault XP
 B = Vault XP
 C = Vault XP percentage of total XP
 D = Non-vault monster count
 E = Vault monster count
 F = Vault count percentage of total count
                 A         B        C        D         E       F
            +---------+---------+-------+---------+---------+-------
      Total |     303 |     613 |  66.9 |      68 |      42 |  38.2
            +---------+---------+-------+---------+---------+-------
        D:1 |      48 |       0 |   0.0 |      28 |       0 |   0.0
        D:2 |      69 |     302 |  81.4 |      16 |      10 |  38.5
        D:3 |      66 |       0 |   0.0 |      13 |       0 |   0.0
        D:4 |     120 |       7 |   5.5 |      11 |       4 |  26.7
      Sewer |       0 |     304 | 100.0 |       0 |      28 | 100.0
            +---------+---------+-------+---------+---------+-------
